Condors vs Griffins
(R1)
Created - November 7, 2022 at 19:27
Goals
|
Condors |
1 |
3 |
0 |
4 |
Griffins |
1 |
1 |
0 |
2 |
|
Shots
|
Condors |
10 |
9 |
7 |
26 |
Griffins |
12 |
6 |
4 |
22 |
|
1st period
1. Condors , Kiefer Sherwood 1 (Christian Thomas 1, Philippe Myers 1) at 14:54
2. Griffins , Troy Terry 5 (Riley Armstrong 4, Filip Hronek 1) at 18:23
Penalties :
Dmitri Orlov (Gra) for Interference (Minor) at 8:19, Tyson Jost (Bak) for Holding (Minor) at 18:59
2nd period
3. Griffins , Ryan Pulock 1 (Sonny Milano 3, Danny Kristo 5) at 4:08
4. Condors , Daniel Zaar 2 (Brett Lernout 2, Robby Fabbri 1) at 4:18
5. Condors , Jesse Puljujarvi 1 (Robby Fabbri 2, Alexandre Carrier 3) at 16:05
6. Condors , Mathew Barzal 2 (Adam Erne 2) at 16:55 (PP)
Penalties :
Philippe Myers (Bak) for Roughing (Minor) at 6:09, Robby Fabbri (Bak) for Interference (Minor) at 9:24, Danny Kristo (Gra) for Hooking (Minor) at 16:24, Martin Frk (Gra) for Hooking (Minor) at 19:17
3rd period
No Goal
Penalties :
Mark Jankowski (Bak) for Roughing (Double Minor) at 1:41, Jake Virtanen (Bak) for Hooking (Minor) at 10:41, Lias Andersson (Gra) for Roughing (Minor) at 14:45, Kiefer Sherwood (Bak) for Hooking (Minor) at 17:08
Goalie Stats
Carter Hart (Bak), 20 saves from 22 shots - (0.909), W, 2-1-1, 60:00 minutes
Olivier Roy (Gra), 14 saves from 18 shots - (0.778), L, 2-1-0, 36:55 minutes
Adam Werner (Gra), 8 saves from 8 shots - (1.000), 23:05 minutes
Players Stats for Condors
Player Name G A P +/- PIM S H SB GA TA FO MP PP MP PK MP
------------------------------------------------------------------------------------
Adam Erne 0 1 1 1 0 4 1 0 0 0 1/3 18:06 2:54 5:50
Alexandre Carrier 0 1 1 1 0 2 0 2 0 0 0/0 22:08 3:01 6:07
Brett Lernout 0 1 1 2 0 2 2 1 0 1 0/0 25:34 3:27 7:18
Christian Thomas 0 1 1 0 0 2 0 0 0 0 0/0 11:00 0:07 2:04
Daniel Zaar 1 0 1 0 0 1 0 2 0 0 0/0 15:08 3:27 0:00
Emil Djuse 0 0 0 1 0 0 0 0 0 0 0/0 3:15 0:00 0:00
Gustav Olofsson 0 0 0 -2 0 0 0 1 0 0 0/0 9:53 0:00 0:29
Jack Dougherty 0 0 0 0 0 0 0 0 1 0 0/0 21:18 3:01 6:07
Jake Virtanen 0 0 0 0 2 4 1 0 1 0 1/2 13:25 2:54 0:00
Jesse Puljujarvi 1 0 1 1 0 2 1 0 1 0 1/1 8:09 0:07 0:00
Kiefer Sherwood 1 0 1 0 2 1 0 1 1 1 0/0 7:54 0:00 0:00
Mark Jankowski 0 0 0 0 4 1 1 1 0 0 14/31 21:47 3:34 5:53
Mathew Barzal 1 0 1 0 0 1 1 0 1 0 4/7 17:26 2:54 4:13
Michael Rasmussen 0 0 0 0 0 0 1 0 0 0 1/3 11:21 0:00 2:53
Phil McRae 0 0 0 1 0 3 4 0 0 0 3/7 9:01 0:00 0:21
Philippe Myers 0 1 1 -2 2 1 0 0 0 1 0/0 10:05 0:00 0:41
Robby Fabbri 0 2 2 0 2 1 1 1 0 1 1/3 22:28 3:27 6:27
Tyson Jost 0 0 0 0 2 1 1 0 0 0 0/0 10:15 0:00 0:07
Zac Leslie 0 0 0 2 0 0 1 2 2 2 0/0 27:47 3:27 7:06
Players Stats for Griffins
Player Name G A P +/- PIM S H SB GA TA FO MP PP MP PK MP
------------------------------------------------------------------------------------
Alexandre Texier 0 0 0 0 0 0 0 0 0 0 0/0 8:01 0:41 0:00
Brendan Woods 0 0 0 0 0 1 1 2 0 1 1/1 17:18 4:57 3:54
Chris Bigras 0 0 0 -2 0 0 0 0 0 3 0/0 17:37 0:00 4:09
Danny Kristo 0 1 1 0 2 3 2 0 0 0 4/5 19:35 7:18 3:11
Dmitri Orlov 0 0 0 0 2 0 1 1 0 0 0/0 16:25 4:57 0:00
Filip Hronek 0 1 1 0 0 0 0 0 0 0 0/0 14:08 0:00 4:09
Ian McCoshen 0 0 0 1 0 0 0 1 0 0 0/0 11:42 0:00 2:19
Jack Roslovic 0 0 0 0 0 4 5 0 1 0 13/25 21:50 7:33 1:28
Joe Morrow 0 0 0 -2 0 1 2 3 1 0 0/0 22:22 8:57 0:00
Klim Kostin 0 0 0 -1 0 1 0 0 1 0 0/0 12:49 0:32 0:55
Lias Andersson 0 0 0 0 2 0 0 0 0 0 2/4 8:28 0:41 0:00
Lucas Lessio 0 0 0 0 0 2 0 0 0 2 2/2 21:45 7:18 1:39
Martin Frk 0 0 0 0 2 1 0 0 0 0 1/2 18:42 5:55 0:00
Nico Hischier 0 0 0 0 0 0 1 0 2 0 4/8 18:30 8:57 0:10
Riley Armstrong 0 1 1 -1 0 5 2 0 0 1 4/10 16:55 5:49 1:39
Ryan Lindgren 0 0 0 0 0 0 0 0 0 0 0/0 5:05 0:00 0:00
Ryan Pulock 1 0 1 1 0 1 0 1 0 0 0/0 11:42 0:00 2:19
Sebastian Ahaut 0 0 0 0 0 0 1 0 0 0 0/0 5:05 0:00 0:00
Sonny Milano 0 1 1 0 0 2 0 0 0 0 0/0 15:08 5:55 0:00
Troy Terry 1 0 1 -1 0 1 0 0 1 0 0/0 10:21 0:00 0:00
3 Stars
1 - Jesse Puljujarvi (Bak)
2 - Brett Lernout (Bak)
3 - Mathew Barzal (Bak)
Power Play
Condors - 1 on 4 Attempt(s) - 25.00%
Griffins - 0 on 7 Attempt(s) - 0.00%
Penalty Kill
Condors - 7 on 7 Attempt(s) - 100.00%
- Score 0 goal in Penalty Kill
Griffins - 3 on 4 Attempt(s) - 75.00%
- Score 0 goal in Penalty Kill
Team Stat
Condors - Hits : 15 - Faceoff Wins : 26 - Blocked Shots : 11 - Penalty Minutes : 14
Griffins - Hits : 15 - Faceoff Wins : 31 - Blocked Shots : 8 - Penalty Minutes : 8
Official
Referees : Marc Joannette and Brad Meier
Linesman : Vaughan Rody and David Brisebois
Game Notes
Adam Werner enters game at 16:55 of 2nd period
Finance
Level 1 -- Attendance: 1749 (87.45%) -- Ticket Income $61,215
Level 2 -- Attendance: 967 (96.70%) -- Ticket Income $14,505
Total Attendance: 2716 (90.53%)
Total Ticket Income: $75,720
Other Income: $3,786
Total Income: $79,506
Condors
5 vs 5 Forward
Center Left Wing Right Wing Time % Phy DF OF
1 Mark Jankowski Robby Fabbri Daniel Zaar 40 1 2 2
2 Mathew Barzal Tyson Jost Jake Virtanen 30 1 2 2
3 Phil McRae Adam Erne Jesse Puljujarvi 20 1 2 2
4 Michael Rasmussen Christian Thomas Kiefer Sherwood 10 1 2 2
5 vs 5 Defense
Defense Defense Time % Phy DF OF
1 Zac Leslie Brett Lernout 40 1 2 2
2 Alexandre Carrier Jack Dougherty 30 1 2 2
3 Philippe Myers Gustav Olofsson 20 1 2 2
4 Emil Djuse Zac Leslie 10 1 2 2
PowerPlay Forward
Center Left Wing Right Wing Time % Phy DF OF
1 Mark Jankowski Robby Fabbri Daniel Zaar 60 1 2 2
2 Mathew Barzal Adam Erne Jake Virtanen 40 1 2 2
PowerPlay Defense
Defense Defense Time % Phy DF OF
1 Zac Leslie Brett Lernout 60 1 2 2
2 Alexandre Carrier Jack Dougherty 40 1 2 2
Penalty Kill 4 Players Forward
Center Wing Time % Phy DF OF
1 Mark Jankowski Robby Fabbri 60 1 2 2
2 Mathew Barzal Adam Erne 40 1 2 2
Penalty Kill 4 Players Defense
Defense Defense Time % Phy DF OF
1 Zac Leslie Brett Lernout 60 1 2 2
2 Alexandre Carrier Jack Dougherty 40 1 2 2
Penalty Kill - 3 Players Forward
Forward Time % Phy DF OF
1 Mark Jankowski 60 1 2 2
2 Mathew Barzal 40 1 2 2
Penalty Kill - 3 Players Defense
Defense Defense Time % Phy DF OF
1 Zac Leslie Brett Lernout 60 1 2 2
2 Alexandre Carrier Jack Dougherty 40 1 2 2
4 vs 4 Forward
Center Wing Time % Phy DF OF
1 Mark Jankowski Robby Fabbri 60 1 2 2
2 Mathew Barzal Adam Erne 40 1 2 2
4 vs 4 Defense
Defense Defense Time % Phy DF OF
1 Zac Leslie Brett Lernout 60 1 2 2
2 Alexandre Carrier Jack Dougherty 40 1 2 2
Last Minutes Offensive
Center Left Wing Right Wing Defense Defense
Mark Jankowski Robby Fabbri Daniel Zaar Zac Leslie Brett Lernout
Last Minutes Defensive
Center Left Wing Right Wing Defense Defense
Mark Jankowski Robby Fabbri Daniel Zaar Zac Leslie Brett Lernout
Goaltenders
Starting : Carter Hart
Backup : Mikko Koskinen
Extra Forwards
Normal : Adam Erne, Mathew Barzal, Phil McRae - PP : Adam Erne, Mathew Barzal - PK : Adam Erne
Extra Defensemen
Normal : Philippe Myers, Gustav Olofsson, Emil Djuse - PP : Philippe Myers - PK : Philippe Myers, Gustav Olofsson
Penalty Shots
Daniel Zaar, Jake Virtanen, Robby Fabbri, Mark Jankowski, Adam Erne
Scratches
Anders Bjork (Healthy), Cole Cassels (Healthy), Colin White (Healthy), Connor Hurley (Healthy), Jeremy Gregoire (Healthy)
Jordan Subban (Healthy), Louis Leblanc (Healthy), Robin Salo (Healthy), Remi Elie (Healthy), Taro Hirose (Healthy)
Clayton Keller (Healthy), Nikolai Knyzhov (Healthy), Lucas Johansen (Healthy), Jack Campbell (Healthy), Arvid Soderblom (Healthy)
Griffins
5 vs 5 Forward
Center Left Wing Right Wing Time % Phy DF OF
1 Jack Roslovic Lucas Lessio Martin Frk 40 1 2 2
2 Nico Hischier Sonny Milano Danny Kristo 30 1 2 2
3 Riley Armstrong Klim Kostin Troy Terry 20 1 2 2
4 Lias Andersson Brendan Woods Alexandre Texier 10 1 2 2
5 vs 5 Defense
Defense Defense Time % Phy DF OF
1 Joe Morrow Chris Bigras 40 1 2 2
2 Dmitri Orlov Filip Hronek 30 1 2 2
3 Ian McCoshen Ryan Pulock 20 1 2 2
4 Sebastian Ahaut Ryan Lindgren 10 1 2 2
PowerPlay Forward
Center Left Wing Right Wing Time % Phy DF OF
1 Jack Roslovic Lucas Lessio Danny Kristo 60 1 2 2
2 Riley Armstrong Sonny Milano Martin Frk 40 1 2 2
PowerPlay Defense
Defense Defense Time % Phy DF OF
1 Joe Morrow Nico Hischier 60 1 2 2
2 Dmitri Orlov Brendan Woods 40 1 2 2
Penalty Kill 4 Players Forward
Center Wing Time % Phy DF OF
1 Danny Kristo Brendan Woods 60 1 2 2
2 Riley Armstrong Lucas Lessio 40 1 2 2
Penalty Kill 4 Players Defense
Defense Defense Time % Phy DF OF
1 Chris Bigras Filip Hronek 60 1 2 2
2 Ian McCoshen Ryan Pulock 40 1 2 2
Penalty Kill - 3 Players Forward
Forward Time % Phy DF OF
1 Brendan Woods 60 1 2 2
2 Riley Armstrong 40 1 2 2
Penalty Kill - 3 Players Defense
Defense Defense Time % Phy DF OF
1 Chris Bigras Filip Hronek 60 1 2 2
2 Ian McCoshen Ryan Lindgren 40 1 2 2
4 vs 4 Forward
Center Wing Time % Phy DF OF
1 Jack Roslovic Danny Kristo 60 1 2 2
2 Riley Armstrong Lucas Lessio 40 1 2 2
4 vs 4 Defense
Defense Defense Time % Phy DF OF
1 Joe Morrow Dmitri Orlov 60 1 2 2
2 Chris Bigras Ryan Pulock 40 1 2 2
Last Minutes Offensive
Center Left Wing Right Wing Defense Defense
Jack Roslovic Lucas Lessio Danny Kristo Joe Morrow Dmitri Orlov
Last Minutes Defensive
Center Left Wing Right Wing Defense Defense
Riley Armstrong Brendan Woods Danny Kristo Chris Bigras Ryan Pulock
Goaltenders
Starting : Olivier Roy
Backup : Adam Werner
Extra Forwards
Normal : Klim Kostin, Brendan Woods, Troy Terry - PP : Lias Andersson, Sonny Milano - PK : Jack Roslovic
Extra Defensemen
Normal : Ian McCoshen, Filip Hronek, Sebastian Ahaut - PP : Ian McCoshen - PK : Filip Hronek, Sebastian Ahaut
Penalty Shots
Jack Roslovic, Danny Kristo, Riley Armstrong, Lucas Lessio, Brendan Woods
Scratches
Morgan Barron (Healthy), Jack Studnicka (Healthy), Greg McKegg (Healthy), Jack Ramsey (Healthy), Konrad Abeltshauser (Healthy)
Michael Bunting (Healthy), Conor Timmins (Healthy), Tanner Kero (Healthy), Tomas Hyka (Healthy), Vladislav Namestnikov (Healthy)
Nick Swaney (Healthy), Marcus Hogberg (Healthy), Philippe Desrosiers (Healthy)
% Time on Ice - Condors
Lines # - Real PCT - Wanted PCT - Time Play
Normal Forward
1 - 34% - 40% - 13:34
2 - 26% - 30% - 10:12
3 - 20% - 20% - 8:02
4 - 20% - 10% - 7:50
Normal Defense
1 - 37% - 40% - 14:49
2 - 31% - 30% - 12:10
3 - 24% - 20% - 9:24
4 - 8% - 10% - 3:15
PP Forward
1 - 55% - 60% - 3:34
2 - 45% - 40% - 2:54
PP Defense
1 - 53% - 60% - 3:27
2 - 47% - 40% - 3:01
PK Forward
1 - 80% - 60% - 11:10
2 - 20% - 40% - 2:44
PK Defense
1 - 56% - 60% - 7:47
2 - 44% - 40% - 6:07
PK3 Forward
1 - 0% - 60%
2 - 0% - 40%
PK3 Defense
1 - 0% - 60%
2 - 0% - 40%
44 Forward
1 - 0% - 60%
2 - 0% - 40%
44 Defense
1 - 0% - 60%
2 - 0% - 40%
Last Minute Offensive - 0:00
Last Minute Defensive - 0:00
Total
Forward - 60:00
Defense - 60:00
|
% Time on Ice - Griffins
Lines # - Real PCT - Wanted PCT - Time Play
Normal Forward
1 - 34% - 40% - 13:37
2 - 23% - 30% - 9:13
3 - 25% - 20% - 9:57
4 - 17% - 10% - 6:51
Normal Defense
1 - 35% - 40% - 13:44
2 - 30% - 30% - 11:48
3 - 23% - 20% - 9:01
4 - 13% - 10% - 5:05
PP Forward
1 - 57% - 60% - 7:59
2 - 43% - 40% - 5:55
PP Defense
1 - 64% - 60% - 8:57
2 - 36% - 40% - 4:57
PK Forward
1 - 74% - 60% - 4:49
2 - 26% - 40% - 1:39
PK Defense
1 - 64% - 60% - 4:09
2 - 36% - 40% - 2:19
PK3 Forward
1 - 0% - 60%
2 - 0% - 40%
PK3 Defense
1 - 0% - 60%
2 - 0% - 40%
44 Forward
1 - 0% - 60%
2 - 0% - 40%
44 Defense
1 - 0% - 60%
2 - 0% - 40%
Last Minute Offensive - 0:00
Last Minute Defensive - 0:00
Total
Forward - 60:00
Defense - 60:00
|
Play-by-Play
1st period
0:01 of 1st period - Mark Jankowski wins face-off versus Jack Roslovic in neutral zone.
0:36 of 1st period - Martin Frk is hit by Brett Lernout and loses puck.
0:42 of 1st period - Chris Bigras is hit by Zac Leslie.
0:50 of 1st period - Wrist shot by Lucas Lessio.
0:50 of 1st period - Shot Blocked by Brett Lernout.
0:52 of 1st period - Wrist shot by Martin Frk.
0:52 of 1st period - Shot Misses the Net.
1:14 of 1st period - Slapshot by Lucas Lessio.
1:14 of 1st period - Deflect By Jack Roslovic.
1:14 of 1st period - Shot Misses the Net.
1:14 of 1st period - Puck is out of play.
1:15 of 1st period - Nico Hischier wins face-off versus Mathew Barzal in Condors zone.
1:20 of 1st period - Backhand shot by Danny Kristo.
1:20 of 1st period - Shot Blocked by Alexandre Carrier.
1:23 of 1st period - Icing by Alexandre Carrier.
1:24 of 1st period - Mathew Barzal wins face-off versus Nico Hischier in Condors zone.
1:24 of 1st period - Mathew Barzal is hit by Danny Kristo.
1:56 of 1st period - Snap shot by Jake Virtanen.
1:56 of 1st period - Shot Misses the Net.
1:58 of 1st period - Slapshot by Alexandre Carrier.
1:58 of 1st period - Shot Misses the Net.
2:00 of 1st period - Slapshot by Alexandre Carrier.
2:00 of 1st period - Stopped by Olivier Roy with a rebound.
2:04 of 1st period - Slapshot by Jake Virtanen.
2:04 of 1st period - Stopped by Olivier Roy with a rebound.
2:06 of 1st period - Snap shot by Jake Virtanen.
2:06 of 1st period - Shot Misses the Net.
2:08 of 1st period - Slapshot by Alexandre Carrier.
2:08 of 1st period - Stopped by Olivier Roy without a rebound.
2:09 of 1st period - Riley Armstrong wins face-off versus Phil McRae in Griffins zone.
2:15 of 1st period - Icing by Phil McRae.
2:16 of 1st period - Jesse Puljujarvi wins face-off versus Riley Armstrong in Condors zone.
3:03 of 1st period - Wrist shot by Riley Armstrong.
3:03 of 1st period - Deflect By Phil McRae.
3:03 of 1st period - Stopped by Carter Hart with a rebound.
3:06 of 1st period - Icing by Philippe Myers.
3:07 of 1st period - Lias Andersson wins face-off versus Phil McRae in Condors zone.
3:10 of 1st period - Snap shot by Brendan Woods.
3:10 of 1st period - Stopped by Carter Hart without a rebound.
3:11 of 1st period - Michael Rasmussen wins face-off versus Lias Andersson in Condors zone.
3:58 of 1st period - Wrist shot by Jake Virtanen.
3:58 of 1st period - Stopped by Olivier Roy without a rebound.
3:59 of 1st period - Nico Hischier wins face-off versus Mathew Barzal in Griffins zone.
4:33 of 1st period - Snap shot by Jake Virtanen.
4:33 of 1st period - Stopped by Olivier Roy without a rebound.
4:34 of 1st period - Jack Roslovic wins face-off versus Mark Jankowski in Griffins zone.
5:08 of 1st period - Wrist shot by Christian Thomas.
5:08 of 1st period - Stopped by Olivier Roy with a rebound.
5:20 of 1st period - Snap shot by Adam Erne.
5:20 of 1st period - Stopped by Olivier Roy without a rebound.
5:21 of 1st period - Riley Armstrong wins face-off versus Phil McRae in Griffins zone.
6:04 of 1st period - Wrist shot by Riley Armstrong.
6:04 of 1st period - Stopped by Carter Hart with a rebound.
6:36 of 1st period - Zac Leslie is hit by Riley Armstrong.
6:48 of 1st period - Backhand shot by Phil McRae.
6:48 of 1st period - Stopped by Olivier Roy with a rebound.
6:50 of 1st period - Slapshot by Jesse Puljujarvi.
6:50 of 1st period - Deflect By Phil McRae.
6:50 of 1st period - Stopped by Olivier Roy without a rebound.
6:51 of 1st period - Jack Roslovic wins face-off versus Mark Jankowski in Griffins zone.
7:37 of 1st period - Slapshot by Dmitri Orlov.
7:37 of 1st period - Shot Misses the Net.
7:45 of 1st period - Wrist shot by Alexandre Texier.
7:45 of 1st period - Shot Blocked by Alexandre Carrier.
7:57 of 1st period - Snap shot by Lucas Lessio.
7:57 of 1st period - Stopped by Carter Hart without a rebound.
7:58 of 1st period - Jack Roslovic wins face-off versus Mark Jankowski in Condors zone.
7:59 of 1st period - Snap shot by Martin Frk.
7:59 of 1st period - Shot Blocked by Gustav Olofsson.
8:19 of 1st period - Minor Penalty to Dmitri Orlov for Interference.
8:20 of 1st period - Danny Kristo wins face-off versus Mark Jankowski in Griffins zone.
8:33 of 1st period - Slapshot by Brendan Woods.
8:33 of 1st period - Shot Blocked by Zac Leslie.
8:51 of 1st period - Wrist shot by Adam Erne.
8:51 of 1st period - Shot Misses the Net.
10:19 of 1st period - Penalty to Dmitri Orlov is over, Dmitri Orlov is back on ice.
10:26 of 1st period - Off-side.
10:27 of 1st period - Riley Armstrong wins face-off versus Michael Rasmussen in neutral zone.
11:09 of 1st period - Brett Lernout is hit by Danny Kristo.
12:09 of 1st period - Wrist shot by Riley Armstrong.
12:09 of 1st period - Stopped by Carter Hart without a rebound.
12:10 of 1st period - Riley Armstrong wins face-off versus Phil McRae in Condors zone.
12:17 of 1st period - Wrist shot by Riley Armstrong.
12:17 of 1st period - Stopped by Carter Hart without a rebound.
12:18 of 1st period - Mark Jankowski wins face-off versus Martin Frk in Condors zone.
12:31 of 1st period - Backhand shot by Jack Roslovic.
12:31 of 1st period - Stopped by Carter Hart without a rebound.
12:32 of 1st period - Danny Kristo wins face-off versus Robby Fabbri in Condors zone.
12:45 of 1st period - Snap shot by Mark Jankowski.
12:45 of 1st period - Shot Misses the Net.
12:57 of 1st period - Lucas Lessio is hit by Brett Lernout and loses puck.
14:15 of 1st period - Wrist shot by Riley Armstrong.
14:15 of 1st period - Stopped by Carter Hart with a rebound.
14:21 of 1st period - Slapshot by Riley Armstrong.
14:21 of 1st period - Shot Blocked by Kiefer Sherwood.
14:54 of 1st period - Wrist shot by Kiefer Sherwood.
14:54 of 1st period - Deflect By Riley Armstrong.
14:54 of 1st period - Goal by Kiefer Sherwood - Condors : 1 - Griffins : 0.
14:55 of 1st period - Jack Roslovic wins face-off versus Mark Jankowski in neutral zone.
15:00 of 1st period - Wrist shot by Lucas Lessio.
15:00 of 1st period - Shot Misses the Net.
15:02 of 1st period - Wrist shot by Lucas Lessio.
15:02 of 1st period - Deflect By Jack Roslovic.
15:02 of 1st period - Shot Blocked by Daniel Zaar.
15:02 of 1st period - Puck is out of play.
15:03 of 1st period - Mark Jankowski wins face-off versus Jack Roslovic in Condors zone.
15:03 of 1st period - Mark Jankowski is hit by Jack Roslovic.
16:26 of 1st period - Kiefer Sherwood is hit by Jack Roslovic.
17:24 of 1st period - Slapshot by Adam Erne.
17:24 of 1st period - Shot Blocked by Joe Morrow.
17:38 of 1st period - Snap shot by Sonny Milano.
17:38 of 1st period - Shot Misses the Net.
17:58 of 1st period - Philippe Myers is hit by Joe Morrow and loses puck.
18:23 of 1st period - Wrist shot by Troy Terry.
18:23 of 1st period - Deflect By Philippe Myers.
18:23 of 1st period - Goal by Troy Terry - Condors : 1 - Griffins : 1.
18:24 of 1st period - Mark Jankowski wins face-off versus Jack Roslovic in neutral zone.
18:37 of 1st period - Snap shot by Jack Roslovic.
18:37 of 1st period - Stopped by Carter Hart without a rebound.
18:38 of 1st period - Jake Virtanen wins face-off versus Nico Hischier in Condors zone.
18:59 of 1st period - Minor Penalty to Tyson Jost for Holding.
19:00 of 1st period - Jack Roslovic wins face-off versus Robby Fabbri in Condors zone.
19:13 of 1st period - Wrist shot by Jack Roslovic.
19:13 of 1st period - Stopped by Carter Hart with a rebound.
19:15 of 1st period - Slapshot by Joe Morrow.
19:15 of 1st period - Stopped by Carter Hart without a rebound.
19:16 of 1st period - Jack Roslovic wins face-off versus Mark Jankowski in Condors zone.
19:30 of 1st period - Icing by Joe Morrow.
19:31 of 1st period - Mark Jankowski wins face-off versus Jack Roslovic in Griffins zone.
19:50 of 1st period - Slapshot by Danny Kristo.
19:50 of 1st period - Shot Misses the Net.
Goals for this period are 1 for Condors vs 1 for Griffins.
Shots for this period are 10 for Condors vs 12 for Griffins.
2nd period
0:01 of 2nd period - Mark Jankowski wins face-off versus Jack Roslovic in neutral zone.
0:04 of 2nd period - Zac Leslie is hit by Joe Morrow and loses puck.
0:59 of 2nd period - Penalty to Tyson Jost is over, Tyson Jost is back on ice.
1:17 of 2nd period - Snap shot by Kiefer Sherwood.
1:17 of 2nd period - Shot Blocked by Brendan Woods.
1:41 of 2nd period - Snap shot by Adam Erne.
1:41 of 2nd period - Stopped by Olivier Roy without a rebound.
1:42 of 2nd period - Phil McRae wins face-off versus Riley Armstrong in Griffins zone.
1:43 of 2nd period - Snap shot by Adam Erne.
1:43 of 2nd period - Stopped by Olivier Roy without a rebound.
1:44 of 2nd period - Phil McRae wins face-off versus Riley Armstrong in Griffins zone.
1:50 of 2nd period - Off-side.
1:51 of 2nd period - Jack Roslovic wins face-off versus Mark Jankowski in neutral zone.
2:04 of 2nd period - Slapshot by Lucas Lessio.
2:04 of 2nd period - Shot Blocked by Daniel Zaar.
2:06 of 2nd period - Wrist shot by Martin Frk.
2:06 of 2nd period - Stopped by Carter Hart without a rebound.
2:07 of 2nd period - Mathew Barzal wins face-off versus Nico Hischier in Condors zone.
2:32 of 2nd period - Joe Morrow is hit by Phil McRae and loses puck.
2:52 of 2nd period - Icing by Zac Leslie.
2:53 of 2nd period - Mark Jankowski wins face-off versus Lias Andersson in Condors zone.
3:22 of 2nd period - Wrist shot by Mathew Barzal.
3:22 of 2nd period - Shot Blocked by Ian McCoshen.
3:24 of 2nd period - Snap shot by Jack Dougherty.
3:24 of 2nd period - Shot Misses the Net.
3:26 of 2nd period - Slapshot by Mathew Barzal.
3:26 of 2nd period - Shot Misses the Net.
3:28 of 2nd period - Slapshot by Tyson Jost.
3:28 of 2nd period - Stopped by Olivier Roy with a rebound.
3:42 of 2nd period - Snap shot by Christian Thomas.
3:42 of 2nd period - Stopped by Olivier Roy with a rebound.
3:44 of 2nd period - Wrist shot by Philippe Myers.
3:44 of 2nd period - Stopped by Olivier Roy with a rebound.
4:06 of 2nd period - Wrist shot by Sonny Milano.
4:06 of 2nd period - Stopped by Carter Hart with a rebound.
4:08 of 2nd period - Snap shot by Ryan Pulock.
4:08 of 2nd period - Goal by Ryan Pulock - Condors : 1 - Griffins : 2.
4:09 of 2nd period - Robby Fabbri wins face-off versus Nico Hischier in neutral zone.
4:18 of 2nd period - Wrist shot by Daniel Zaar.
4:18 of 2nd period - Goal by Daniel Zaar - Condors : 2 - Griffins : 2.
4:19 of 2nd period - Mark Jankowski wins face-off versus Jack Roslovic in neutral zone.
4:22 of 2nd period - Snap shot by Zac Leslie.
4:22 of 2nd period - Deflect By Daniel Zaar.
4:22 of 2nd period - Shot Blocked by Joe Morrow.
4:22 of 2nd period - Puck is out of play.
4:23 of 2nd period - Martin Frk wins face-off versus Mark Jankowski in Griffins zone.
4:30 of 2nd period - Slapshot by Lucas Lessio.
4:30 of 2nd period - Stopped by Carter Hart with a rebound.
4:32 of 2nd period - Snap shot by Martin Frk.
4:32 of 2nd period - Shot Blocked by Robby Fabbri.
6:09 of 2nd period - Minor Penalty to Philippe Myers for Roughing.
6:10 of 2nd period - Jack Roslovic wins face-off versus Mark Jankowski in Condors zone.
7:14 of 2nd period - Snap shot by Mathew Barzal.
7:14 of 2nd period - Shot Blocked by Dmitri Orlov.
8:09 of 2nd period - Penalty to Philippe Myers is over, Philippe Myers is back on ice.
8:17 of 2nd period - Snap shot by Jake Virtanen.
8:17 of 2nd period - Shot Misses the Net.
8:32 of 2nd period - Icing by Zac Leslie.
8:33 of 2nd period - Lias Andersson wins face-off versus Michael Rasmussen in Condors zone.
8:40 of 2nd period - Snap shot by Lias Andersson.
8:40 of 2nd period - Shot Misses the Net.
8:58 of 2nd period - Brett Lernout is hit by Jack Roslovic and loses puck.
9:24 of 2nd period - Minor Penalty to Robby Fabbri for Interference.
9:25 of 2nd period - Jack Roslovic wins face-off versus Mark Jankowski in Condors zone.
9:33 of 2nd period - Wrist shot by Danny Kristo.
9:33 of 2nd period - Stopped by Carter Hart with a rebound.
9:35 of 2nd period - Snap shot by Lucas Lessio.
9:35 of 2nd period - Shot Misses the Net.
9:37 of 2nd period - Wrist shot by Joe Morrow.
9:37 of 2nd period - Shot Blocked by Mark Jankowski.
9:39 of 2nd period - Wrist shot by Jack Roslovic.
9:39 of 2nd period - Stopped by Carter Hart without a rebound.
9:40 of 2nd period - Mark Jankowski wins face-off versus Jack Roslovic in Condors zone.
11:24 of 2nd period - Penalty to Robby Fabbri is over, Robby Fabbri is back on ice.
11:34 of 2nd period - Michael Rasmussen is hit by Brendan Woods and loses puck.
12:36 of 2nd period - Snap shot by Jake Virtanen.
12:36 of 2nd period - Shot Misses the Net.
13:59 of 2nd period - Filip Hronek is hit by Mark Jankowski.
14:13 of 2nd period - Dmitri Orlov is hit by Phil McRae.
14:31 of 2nd period - Ryan Pulock is hit by Michael Rasmussen and loses puck.
14:46 of 2nd period - Tyson Jost is hit by Sebastian Ahaut and loses puck.
14:57 of 2nd period - Mathew Barzal is hit by Riley Armstrong and loses puck.
15:14 of 2nd period - Ryan Lindgren is hit by Jesse Puljujarvi and loses puck.
15:32 of 2nd period - Christian Thomas is hit by Jack Roslovic and loses puck.
16:05 of 2nd period - Snap shot by Jesse Puljujarvi.
16:05 of 2nd period - Goal by Jesse Puljujarvi - Condors : 3 - Griffins : 2.
16:06 of 2nd period - Jack Roslovic wins face-off versus Mark Jankowski in neutral zone.
16:11 of 2nd period - Slapshot by Joe Morrow.
16:11 of 2nd period - Shot Blocked by Zac Leslie.
16:21 of 2nd period - Snap shot by Zac Leslie.
16:21 of 2nd period - Deflect By Mark Jankowski.
16:21 of 2nd period - Shot Blocked by Joe Morrow.
16:21 of 2nd period - Puck is out of play.
16:22 of 2nd period - Nico Hischier wins face-off versus Mathew Barzal in Griffins zone.
16:24 of 2nd period - Minor Penalty to Danny Kristo for Hooking.
16:25 of 2nd period - Jack Roslovic wins face-off versus Mark Jankowski in Griffins zone.
16:55 of 2nd period - Slapshot by Mathew Barzal.
16:55 of 2nd period - Goal by Mathew Barzal - Condors : 4 - Griffins : 2.
16:55 of 2nd period - Adam Werner enters game.
16:56 of 2nd period - Mark Jankowski wins face-off versus Jack Roslovic in neutral zone.
17:00 of 2nd period - Off-side.
17:01 of 2nd period - Lucas Lessio wins face-off versus Mark Jankowski in neutral zone.
17:34 of 2nd period - Sonny Milano is hit by Tyson Jost and loses puck.
17:53 of 2nd period - Snap shot by Brett Lernout.
17:53 of 2nd period - Stopped by Adam Werner with a rebound.
18:40 of 2nd period - Snap shot by Alexandre Carrier.
18:40 of 2nd period - Shot Blocked by Brendan Woods.
18:49 of 2nd period - Off-side.
18:50 of 2nd period - Nico Hischier wins face-off versus Jake Virtanen in neutral zone.
18:50 of 2nd period - Nico Hischier is hit by Jake Virtanen.
19:17 of 2nd period - Minor Penalty to Martin Frk for Hooking.
19:18 of 2nd period - Mark Jankowski wins face-off versus Danny Kristo in Griffins zone.
Goals for this period are 3 for Condors vs 1 for Griffins.
Shots for this period are 9 for Condors vs 6 for Griffins.
3rd period
0:01 of 3rd period - Brendan Woods wins face-off versus Mark Jankowski in neutral zone.
0:04 of 3rd period - Snap shot by Danny Kristo.
0:04 of 3rd period - Stopped by Carter Hart with a rebound.
0:16 of 3rd period - Wrist shot by Daniel Zaar.
0:16 of 3rd period - Shot Misses the Net.
1:02 of 3rd period - Jack Dougherty is hit by Jack Roslovic and loses puck.
1:09 of 3rd period - Wrist shot by Jack Roslovic.
1:09 of 3rd period - Deflect By Klim Kostin.
1:09 of 3rd period - Stopped by Carter Hart with a rebound.
1:11 of 3rd period - Slapshot by Filip Hronek.
1:11 of 3rd period - Deflect By Jack Roslovic.
1:11 of 3rd period - Shot Misses the Net.
1:11 of 3rd period - Puck is out of play.
1:12 of 3rd period - Danny Kristo wins face-off versus Mark Jankowski in Condors zone.
1:17 of 3rd period - Penalty to Martin Frk is over, Martin Frk is back on ice.
1:41 of 3rd period - Double Minor Penalty to Mark Jankowski for Roughing.
1:42 of 3rd period - Jack Roslovic wins face-off versus Adam Erne in Condors zone.
1:43 of 3rd period - Snap shot by Danny Kristo.
1:43 of 3rd period - Stopped by Carter Hart without a rebound.
1:44 of 3rd period - Jack Roslovic wins face-off versus Adam Erne in Condors zone.
3:44 of 3rd period - Riley Armstrong is hit by Phil McRae and loses puck.
3:49 of 3rd period - Slapshot by Phil McRae.
3:49 of 3rd period - Stopped by Adam Werner without a rebound.
3:50 of 3rd period - Phil McRae wins face-off versus Jack Roslovic in Griffins zone.
5:29 of 3rd period - Icing by Dmitri Orlov.
5:30 of 3rd period - Mathew Barzal wins face-off versus Jack Roslovic in Griffins zone.
5:41 of 3rd period - Penalty to Mark Jankowski is over, Mark Jankowski is back on ice.
6:13 of 3rd period - Snap shot by Adam Erne.
6:13 of 3rd period - Shot Misses the Net.
6:27 of 3rd period - Wrist shot by Adam Erne.
6:27 of 3rd period - Stopped by Adam Werner with a rebound.
6:31 of 3rd period - Snap shot by Robby Fabbri.
6:31 of 3rd period - Stopped by Adam Werner with a rebound.
6:33 of 3rd period - Wrist shot by Mark Jankowski.
6:33 of 3rd period - Stopped by Adam Werner with a rebound.
6:49 of 3rd period - Slapshot by Mark Jankowski.
6:49 of 3rd period - Deflect By Adam Erne.
6:49 of 3rd period - Shot Misses the Net.
6:49 of 3rd period - Puck is out of play.
6:50 of 3rd period - Mathew Barzal wins face-off versus Jack Roslovic in Griffins zone.
7:34 of 3rd period - Martin Frk is hit by Mathew Barzal and loses puck.
7:55 of 3rd period - Sonny Milano is hit by Phil McRae and loses puck.
10:41 of 3rd period - Minor Penalty to Jake Virtanen for Hooking.
10:42 of 3rd period - Mark Jankowski wins face-off versus Jack Roslovic in Condors zone.
11:11 of 3rd period - Slapshot by Sonny Milano.
11:11 of 3rd period - Stopped by Carter Hart with a rebound.
12:41 of 3rd period - Penalty to Jake Virtanen is over, Jake Virtanen is back on ice.
12:44 of 3rd period - Christian Thomas is hit by Dmitri Orlov and loses puck.
12:55 of 3rd period - Snap shot by Christian Thomas.
12:55 of 3rd period - Shot Misses the Net.
12:57 of 3rd period - Snap shot by Michael Rasmussen.
12:57 of 3rd period - Shot Blocked by Ryan Pulock.
12:59 of 3rd period - Slapshot by Brett Lernout.
12:59 of 3rd period - Stopped by Adam Werner with a rebound.
13:01 of 3rd period - Wrist shot by Michael Rasmussen.
13:01 of 3rd period - Deflect By Jake Virtanen.
13:01 of 3rd period - Stopped by Adam Werner without a rebound.
13:02 of 3rd period - Adam Erne wins face-off versus Riley Armstrong in Griffins zone.
13:07 of 3rd period - Wrist shot by Jesse Puljujarvi.
13:07 of 3rd period - Stopped by Adam Werner with a rebound.
14:45 of 3rd period - Minor Penalty to Lias Andersson for Roughing.
14:46 of 3rd period - Danny Kristo wins face-off versus Mark Jankowski in Griffins zone.
15:00 of 3rd period - Chris Bigras is hit by Robby Fabbri and loses puck.
16:38 of 3rd period - Slapshot by Alexandre Carrier.
16:38 of 3rd period - Shot Misses the Net.
16:45 of 3rd period - Penalty to Lias Andersson is over, Lias Andersson is back on ice.
17:08 of 3rd period - Minor Penalty to Kiefer Sherwood for Hooking.
17:09 of 3rd period - Mark Jankowski wins face-off versus Riley Armstrong in Condors zone.
17:34 of 3rd period - Joe Morrow is hit by Adam Erne and loses puck.
17:41 of 3rd period - Slapshot by Nico Hischier.
17:41 of 3rd period - Deflect By Riley Armstrong.
17:41 of 3rd period - Shot Misses the Net.
17:41 of 3rd period - Puck is out of play.
17:42 of 3rd period - Lucas Lessio wins face-off versus Mark Jankowski in Condors zone.
18:52 of 3rd period - Zac Leslie is hit by Nico Hischier and loses puck.
19:02 of 3rd period - Icing by Martin Frk.
19:03 of 3rd period - Mark Jankowski wins face-off versus Riley Armstrong in Griffins zone.
19:08 of 3rd period - Penalty to Kiefer Sherwood is over, Kiefer Sherwood is back on ice.
Goals for this period are 0 for Condors vs 0 for Griffins.
Shots for this period are 7 for Condors vs 4 for Griffins.